Map: 로스트 앤 파운드 - 래더

Players

Reynor - Winner!

  • Race: Zerg Zerg
  • League: Master
  • Spawn Location: 7:00

Cure

  • Race: Terran Terran
  • Spawn Location: 1:00

Event: HomeStory Cup XVIII

VOD

Have the link to the VOD?

Description

Time

  • Played on: Nov. 24, 2018, 12:45 p.m.
  • Length: 20:43

All games in this series

Show
View Real Time Build Order
Export as new Build Order

Reynor Zerg - Winner!

Build Orders: Hatch First 

Get SALT Encoding   

  12  0:00  Drone  
  13  0:12  Overlord  
  13  0:16  Drone  
  14  0:30  Drone  
  14  0:31  Drone  
  16  0:48  Hatchery  
  15  0:51  Drone  
  15  0:54  Drone  
  17  0:57  Drone  
  18  1:08  Extractor  
  17  1:13  Spawning Pool  
  17  1:16  Drone  
  17  1:19  Drone  
  18  1:28  Drone  
  19  1:39  Drone  
  20  1:51  Drone  
  21  2:00  Queen x2  
  21  2:01  Zergling x4  
  27  2:13  Hatchery  
  26  2:19  Overlord  
  26  2:21  Drone  
  27  2:23  Drone  
  28  2:38  Metabolic Boost, Drone x2  
  28  2:42  Queen  
  32  2:47  Overlord  
  32  2:55  Zergling x2  
  33  3:03  Drone x3  
  35  3:05  Zergling x2  
  35  3:10  Drone x3  
  35  3:11  Drone  
  39  3:14  Overlord  
  39  3:18  Drone x2  
  41  3:23  Queen  
  43  3:31  Queen  
  43  3:33  Overlord  
  45  3:36  Drone  
  45  3:37  Drone  
  45  3:38  Drone  
  48  3:43  Zergling x6  
  48  3:44  Drone  
  48  3:46  Drone  
  48  3:47  Drone  
  54  3:53  Drone  
  55  3:55  Drone x2  
  55  3:57  Drone, Baneling Nest  
  55  4:00  Drone  
  55  4:01  Drone  
  55  4:02  Drone  
  60  4:06  Overlord  
  60  4:16  Drone x3  
  62  4:18  Drone x2  
  62  4:20  Overlord  
  62  4:22  Drone x2  
  66  4:24  Drone x2  
  66  4:25  Extractor, Drone  
  66  4:27  Evolution Chamber  
  66  4:28  Evolution Chamber  
  67  4:32  Overlord  
  67  4:38  Overlord  
  67  4:39  Drone x2  
  67  4:44  Zergling x2  
  70  4:46  Zergling x2  
  70  4:48  Spore Crawler  
  70  4:49  Queen  
  70  4:51  Zergling x2  
  73  4:54  Drone x2  
  73  4:56  Drone  
  73  4:58  Zerg Ground Armor Level 1  
  76  5:00  Zerg Melee Weapons Level 1  
  76  5:06  Overlord, Drone  
  77  5:08  Hatchery  
  77  5:13  Overlord  
  76  5:14  Drone x5  
  76  5:16  Extractor x2  
  76  5:18  Zergling x2  
  80  5:22  Queen  
  80  5:24  Lair  
  80  5:25  Drone x3  
  80  5:26  Extractor, Drone  
  85  5:29  Overlord  
  85  5:31  Zergling x4  
  85  5:34  Zergling x4, Baneling Nest  
  88  5:36  Overlord  
  88  5:38  Drone  
  88  5:40  Extractor, Drone  
  89  5:44  Overlord  
  89  5:45  Drone  
  89  5:47  Overlord  
  89  5:49  Zergling x4  
  93  5:52  Overlord  
  93  5:53  Zergling x2  
  93  5:54  Zergling x4  
  95  5:58  Zergling x2  
  96  6:04  Zergling x6  
  96  6:05  Zergling x4  
  100  6:11  Zergling x2  
  100  6:12  Drone  
  100  6:15  Hatchery  
  100  6:19  Drone x2  
  100  6:20  Drone x2  
  100  6:22  Zergling x8  
  100  6:23  Hydralisk Den  
  100  6:24  Centrifical Hooks  
  107  6:27  Drone x2  
  107  6:31  Overlord  
  109  6:33  Baneling x5  
  109  6:34  Baneling  
  109  6:37  Overlord  
  108  6:40  Zergling x10  
  108  6:42  Drone x4  
  108  6:43  Overlord  
  117  6:51  Overlord  
  110  6:58  Drone x5  
  110  6:59  Queen  
  110  7:01  Zerg Melee Weapons Level 2, Zergling x10  
  122  7:06  Zerg Ground Armor Level 2  
  121  7:16  Muscular Augments  
  121  7:17  Drone x4  
  125  7:25  Hydralisk x7, Baneling x4  
  125  7:26  Zergling x2  
  125  7:27  Zergling x2  
  141  7:33  Hydralisk, Zergling x2  
  141  7:34  Zergling x8  
  146  7:37  Zergling x8  
  146  7:38  Zergling x2  
  140  7:58  Hydralisk, Zergling x2  
  140  7:59  Hatchery, Zergling x16  
  140  8:01  Overlord, Infestation Pit  
  149  8:06  Spore Crawler, Zergling x2  
  149  8:07  Zergling x12  
  149  8:11  Hydralisk x2  
  159  8:13  Pneumatized Carapace, Overseer  
  159  8:15  Zergling x2  
  159  8:19  Baneling  
  160  8:20  Baneling x5  
  160  8:21  Hydralisk  
  160  8:22  Zergling x6  
  163  8:28  Zergling x4  
  163  8:33  Drone x2  
  166  8:34  Extractor  
  166  8:39  Drone  
  166  8:40  Drone x2  
  166  8:41  Zergling x12  
  172  8:42  Overlord  
  172  8:46  Grooved Spines  
  172  8:47  Overlord  
  174  9:00  Hive  
  174  9:01  Overlord  
  172  9:06  Hydralisk  
  172  9:07  Zergling x24  
  186  9:12  Drone x3  
  186  9:13  Drone x5  
  186  9:16  Drone  
  187  9:17  Zergling x6  
  179  9:24  Hydralisk  
  179  9:25  Zergling x14  
  179  9:28  Drone x3  
  191  9:32  Zergling x10  
  191  9:33  Zerg Missile Weapons Level 1, Zergling x4  
  191  9:35  Zergling x2  
  199  9:38  Overlord x2  
  183  10:04  Hydralisk  
  183  10:05  Zergling x32  
  200  10:07  Overseer  
  200  10:08  Overseer  
  200  10:13  Adrenal Glands, Extractor  
  199  10:14  Zerg Ground Armor Level 3  
  199  10:15  Ultralisk Cavern  
  190  10:23  Zergling x20  
  200  10:28  Baneling  
  200  10:29  Baneling x10  
  200  10:31  Zergling x4  
  200  10:35  Overseer  
  200  10:38  Extractor  
  200  10:39  Extractor  
  197  10:51  Baneling x12  
  197  10:56  Zergling x22  
  197  10:57  Zergling x10  
  196  11:03  Zergling x2  
  196  11:04  Zergling x18  
  188  11:14  Hydralisk  
  188  11:15  Zergling x18  
  188  11:16  Zergling x14  
  188  11:21  Hydralisk x3  
  188  11:22  Zergling x6  
  188  11:24  Chitinous Plating  
  181  11:26  Ultralisk x2  
  181  11:27  Hydralisk  
  181  11:29  Ultralisk  
  192  11:36  Ultralisk, Zergling x4  
  200  11:54  Baneling x3  
  200  11:55  Baneling  
  199  12:02  Zergling x2  
  199  12:08  Spire  
  193  12:21  Ultralisk x2  
  193  12:24  Zergling x6  
  193  12:25  Zergling x6  
  196  12:33  Baneling x10  
  196  12:34  Zerg Melee Weapons Level 3  
  193  12:40  Extractor  
  193  12:42  Zergling x12  
  193  12:43  Zergling x2  
  199  12:48  Hatchery  
  196  12:57  Zergling x32  
  200  13:08  Baneling x9  
  200  13:09  Baneling  
  200  13:12  Overseer  
  178  13:20  Ultralisk x3, Zergling x2  
  178  13:21  Zergling x26  
  178  13:24  Queen  
  178  13:28  Hydralisk x2  
  178  13:29  Hydralisk x4  
  183  13:36  Ultralisk  
  183  13:37  Zergling x2  
  190  13:46  Infestor x3  
  196  13:48  Zergling x6  
  189  14:04  Zergling x2  
  189  14:05  Zergling x18  
  190  14:21  Hydralisk x2  
  190  14:22  Zergling x8  
  180  14:28  Infestor x3  
  180  14:30  Greater Spire  
  184  14:33  Zergling x2  
  184  14:34  Zergling x16  
  184  14:36  Drone x5  
  198  14:52  Zergling x6  
  200  15:00  Overseer  
  200  15:04  Baneling x4  
  200  15:05  Baneling  
  198  15:13  Baneling x2  
  198  15:14  Baneling x3  
  196  15:17  Zergling x4  
  196  15:18  Zergling x2  
  199  15:22  Baneling x9  
  180  15:31  Corruptor x5  
  185  15:41  Zergling x16  
  185  15:42  Zergling x14  
  192  15:45  Corruptor x5  
  200  15:52  Zergling x2  
  197  15:58  Zergling x4  
  197  15:59  Zergling x6  
  199  16:12  Hatchery  
  199  16:18  Brood Lord  
  200  16:24  Zerg Flyer Weapons Level 1  
  200  16:32  Spine Crawler x4  
  197  16:33  Spine Crawler, Brood Lord x2  
  195  16:55  Brood Lord x2  
  198  17:03  Brood Lord  
  198  17:07  Zergling x8  
  197  17:18  Baneling x10  
  197  17:20  Zergling x14  
  196  17:24  Overseer x2  
  193  17:34  Zergling x26  
  185  17:40  Extractor  
  185  17:42  Brood Lord x4  
  185  17:43  Extractor, Viper x3  
  198  17:48  Zergling x10  
  196  17:58  Corruptor x2  
  194  18:05  Zergling x6  
  194  18:17  Baneling x16  
  194  18:18  Baneling x8  
  194  18:24  Zergling x2  
  194  18:25  Zergling x8  
  199  18:33  Baneling  
  199  18:34  Baneling x3  
  199  18:38  Zergling x14  
  182  19:18  Corruptor x7  
  196  19:29  Unknown x3  
  187  19:39  Corruptor x6  
  199  19:49  Baneling  
  199  19:50  Baneling x12  
  198  19:57  Zergling x4  
  194  20:33  Hatchery  
Show
View Real Time Build Order
Export as new Build Order

Cure Terran 

Build Orders: Reaper Expand 

Get SALT Encoding   

  12  0:00  SCV  
  13  0:12  SCV  
  14  0:17  Supply Depot  
  14  0:24  SCV  
  15  0:38  SCV  
  15  0:40  Barracks  
  15  0:42  Refinery  
  16  0:50  SCV  
  17  1:03  SCV  
  18  1:15  SCV  
  19  1:27  Orbital Command, Reaper  
  20  1:38  Command Center  
  20  1:48  Supply Depot  
  20  1:53  SCV  
  21  1:59  Reaper  
  22  2:05  SCV  
  23  2:17  SCV  
  23  2:20  Factory  
  24  2:29  SCV  
  25  2:37  Command Center  
  25  2:38  Barracks Reactor  
  25  2:41  SCV  
  26  2:50  Orbital Command  
  26  2:53  SCV, Refinery  
  27  3:05  SCV  
  28  3:16  Starport  
  28  3:17  SCV x2  
  30  3:21  Hellion x2  
  30  3:22  Barracks Tech Lab  
  34  3:31  SCV x2  
  36  3:42  Hellion  
  36  3:43  SCV x2, Hellion  
  36  3:44  Marine, Stimpack  
  43  3:50  Orbital Command  
  43  3:53  Viking  
  43  3:55  SCV  
  46  3:56  SCV  
  46  4:01  Marine  
  48  4:08  SCV x2  
  50  4:16  SCV  
  50  4:18  Factory Reactor  
  50  4:19  Marine  
  50  4:20  SCV  
  47  4:24  Starport Reactor  
  47  4:25  SCV  
  47  4:28  Barracks, SCV  
  47  4:31  Supply Depot  
  49  4:32  Barracks, SCV  
  49  4:34  Refinery x2  
  49  4:37  Marine, SCV  
  52  4:40  SCV  
  52  4:44  SCV  
  54  4:49  Engineering Bay, SCV  
  54  4:51  Engineering Bay  
  54  4:52  SCV  
  56  4:56  Supply Depot  
  56  4:57  Marine, SCV  
  58  5:01  SCV  
  58  5:04  SCV  
  60  5:08  Factory Reactor  
  60  5:09  SCV  
  60  5:13  SCV  
  62  5:15  Marine  
  62  5:17  Orbital Command  
  62  5:18  Marine x2  
  65  5:23  Terran Infantry Armor Level 1, Terran Infantry Weapons Level 1  
  65  5:25  Medivac x2  
  65  5:26  Marine x2  
  65  5:27  Barracks  
  71  5:30  SCV x2  
  71  5:31  Supply Depot  
  71  5:32  Barracks, Supply Depot  
  71  5:33  Supply Depot  
  73  5:37  Marine x3  
  73  5:42  SCV  
  77  5:51  Combat Shield  
  77  5:52  Marine x2  
  77  5:53  SCV x2  
  77  5:54  SCV  
  77  5:55  Marine x3  
  81  6:00  Widow Mine x2  
  85  6:04  Medivac x2  
  85  6:05  SCV x2  
  85  6:11  Supply Depot  
  91  6:13  SCV  
  91  6:14  Supply Depot  
  91  6:16  Barracks Reactor  
  91  6:17  SCV x2  
  94  6:19  Barracks Reactor, Armory  
  94  6:21  Marine x2  
  94  6:22  Marine  
  94  6:23  Marine  
  94  6:24  Marine  
  99  6:30  SCV  
  99  6:31  SCV  
  99  6:32  SCV  
  102  6:33  Refinery  
  102  6:39  Factory  
  102  6:41  Supply Depot  
  102  6:44  Supply Depot  
  102  6:45  Marine x2, SCV x3  
  105  6:49  Marine x2  
  104  6:55  Marine  
  104  6:56  Marine x4  
  104  6:58  Widow Mine x2  
  104  6:59  Medivac  
  115  7:01  Medivac  
  115  7:07  Supply Depot  
  117  7:10  Supply Depot  
  116  7:19  Terran Infantry Weapons Level 2  
  116  7:22  Command Center  
  116  7:23  Terran Infantry Armor Level 2  
  116  7:24  Terran Vehicle And Ship Armor Level 1  
  116  7:27  Factory Tech Lab  
  116  7:30  Widow Mine x2  
  116  7:33  Supply Depot  
  119  7:39  Marine x6  
  119  7:40  Marine x2  
  126  7:49  SCV  
  126  7:50  Drilling Claws, SCV x2, Widow Mine  
  116  7:51  Widow Mine x2  
  116  7:52  Marine  
  116  7:57  Marine x5  
  126  8:01  Marine x2  
  126  8:02  Barracks x2  
  126  8:04  Barracks  
  128  8:06  Marine  
  128  8:08  Refinery  
  128  8:09  Sensor Tower  
  128  8:10  Marine  
  130  8:13  Medivac x2  
  130  8:14  Widow Mine x2  
  130  8:15  Marine  
  130  8:16  Widow Mine  
  141  8:26  Marine x7  
  148  8:28  Marine  
  145  8:35  Widow Mine  
  145  8:36  Widow Mine  
  145  8:37  Widow Mine  
  145  8:40  Marine  
  152  8:43  Marine x2, Medivac x2  
  152  8:44  Marine  
  152  8:46  Marauder  
  152  8:47  SCV x3  
  164  8:48  Marine x4  
  164  8:53  Barracks Tech Lab x2  
  164  8:54  Barracks Tech Lab  
  168  8:57  Widow Mine  
  170  9:07  Marauder  
  171  9:16  Marauder x2  
  171  9:20  Widow Mine  
  171  9:21  Widow Mine  
  171  9:24  Terran Vehicle And Ship Armor Level 2, Marauder, Widow Mine  
  171  9:25  Supply Depot  
  171  9:26  Planetary Fortress, Supply Depot x2  
  171  9:27  Supply Depot  
  171  9:30  Sensor Tower  
  171  9:34  Marine  
  171  9:35  Command Center  
  172  9:47  Marine x7, Marauder, Widow Mine  
  172  9:48  Marauder x3  
  172  9:51  Widow Mine x2  
  193  9:55  Medivac x2  
  193  9:56  Unknown x2  
  193  10:06  Marine x2  
  184  10:07  Marine x3  
  184  10:09  Widow Mine  
  184  10:12  Widow Mine x2  
  197  10:20  Marine  
  197  10:21  Marine x2  
  200  10:25  Terran Infantry Weapons Level 3, Terran Infantry Armor Level 3  
  200  10:26  Marine x4  
  200  10:27  Marauder x2  
  194  10:36  Widow Mine x3  
  194  10:37  Marauder  
  200  10:51  Concussive Shells  
  200  10:55  Unknown  
  200  10:56  Marine x6  
  200  10:57  Marauder x3, Widow Mine  
  185  10:58  Widow Mine x2  
  185  11:01  Marine x2, Marauder  
  164  11:14  Marine x4  
  164  11:16  Marine x2  
  164  11:18  Marauder x3  
  160  11:19  Marine x2, Widow Mine x3  
  160  11:23  Marauder  
  156  11:26  SCV x3  
  156  11:32  Marine x4  
  148  11:37  SCV  
  148  11:38  SCV x3  
  148  11:39  Marine x2, Marauder x2  
  158  11:40  Marauder, Widow Mine x3  
  158  11:44  Marauder  
  158  11:45  Marine x2  
  164  11:49  Marine x2  
  164  11:51  SCV x3  
  169  11:57  Planetary Fortress  
  169  11:58  SCV  
  169  12:00  Marine x4  
  169  12:01  Marauder x3  
  180  12:03  SCV x2  
  180  12:06  Marauder  
  184  12:12  Marine x4  
  185  12:20  Marine  
  185  12:21  Marine x3  
  185  12:22  Marauder x3  
  190  12:27  Marauder  
  190  12:30  Marine x4, SCV  
  190  12:31  SCV  
  190  12:32  SCV  
  195  12:38  Terran Vehicle And Ship Armor Level 3  
  195  12:44  Sensor Tower  
  195  12:45  Marauder  
  195  12:52  SCV, Marauder  
  195  12:53  SCV, Marauder  
  195  12:56  Marine x8, Marauder  
  195  13:14  Marine  
  195  13:15  Marine x2, Widow Mine  
  195  13:17  Marine x3  
  188  13:20  Marine x3  
  188  13:21  Marauder x2  
  188  13:22  Marauder, Widow Mine x2  
  171  13:29  Medivac x2  
  171  13:32  Marine  
  171  13:33  Marine  
  167  13:34  SCV x3  
  167  13:36  Marauder  
  167  13:37  Widow Mine  
  174  13:41  Marine  
  174  13:43  Marauder x2  
  174  13:45  Orbital Command  
  174  13:47  Supply Depot x2  
  179  13:58  Marine  
  180  14:05  Marine x2  
  180  14:06  Marine  
  180  14:08  Marine x2  
  180  14:09  Marine, Marauder x3, Medivac, Widow Mine x3  
  196  14:16  Unknown x3  
  196  14:17  Unknown  
  194  14:19  Unknown x3  
  194  14:20  Unknown x4  
  167  14:29  Medivac  
  167  14:30  SCV x3  
  167  14:31  SCV  
  173  14:34  Supply Depot  
  173  14:35  Command Center  
  177  14:38  Widow Mine x3  
  177  14:39  Medivac  
  177  14:42  SCV x2  
  177  14:43  SCV  
  184  14:50  SCV  
  185  14:54  SCV  
  185  14:55  SCV x2  
  185  14:59  Sensor Tower  
  187  15:10  Widow Mine x3  
  187  15:11  Medivac x2  
  197  15:14  Starport  
  197  15:15  Fusion Core, Starport  
  197  15:19  Refinery x2  
  175  15:29  Marine x5  
  175  15:30  Marauder x3  
  166  15:42  Medivac x2, Widow Mine x3  
  159  15:46  Marine x2, Marauder  
  159  15:50  Marine  
  159  15:51  Marine, Marauder x2  
  159  15:52  Marine  
  162  16:05  Orbital Command  
  162  16:16  Marine x4, Marauder  
  162  16:17  Marauder x2  
  172  16:20  Marauder  
  172  16:21  Starport Tech Lab, Starport Reactor  
  174  16:25  Medivac  
  174  16:29  Marine x4  
  180  16:33  Refinery  
  180  16:34  Marine x2  
  180  16:38  Refinery  
  180  16:39  Refinery x2  
  182  16:51  SCV, Planetary Fortress  
  182  16:52  SCV x2  
  166  17:03  Marine x7, Marauder  
  166  17:04  Marine, Marauder  
  166  17:07  SCV x2  
  167  17:09  SCV  
  164  17:25  SCV, Marauder x3  
  164  17:26  SCV x2  
  170  17:33  Marine x2, Marauder  
  167  17:38  SCV  
  167  17:39  SCV x3  
  165  17:46  Marauder x3  
  165  17:50  SCV  
  159  17:54  Viking x3  
  159  17:57  Viking  
  159  17:58  Viking  
  159  18:07  Unknown x2  
  159  18:11  Marine, Marauder  
  152  18:16  Marine x2, Marauder  
  152  18:17  Marine  
  156  18:21  Marine, Marauder  
  156  18:24  Viking x3  
  163  18:39  Viking x2  
  163  18:40  Marine x2, Marauder  
  157  18:54  Supply Depot x2  
  157  18:55  Supply Depot  
  157  19:04  Supply Depot  
  151  19:15  Viking, Marauder  
  142  19:17  Viking  
  142  19:18  Viking, Command Center  
  146  19:25  Marauder  
  146  19:38  Viking x2  
  116  19:46  Viking  
  118  19:58  Viking  
  112  20:32  Unknown x7  
Tags
 
Add a new tag
Caveats
  • Supply blocks, unpowered buildings, or Contaminate may cause inaccurate times.
  • Supply counts are checked every 10 seconds.